Connexion

Crunch vs Admirals

Created - 6 octobre 2023 at 05:56

Goals
1 2 3 T
Crunch 2 0 1 3
Admirals 2 6 1 9
Shots
1 2 3 T
Crunch 11 4 19 34
Admirals 17 12 5 34

GoalsPenalties
1st period
1. Admirals , William Bitten 7 (Joseph Cramarossa 8, Garrett Pilon 15) at 5:46
2. Admirals , Garrett Wilson 10 (David Kampf 19, Guillaume Brisebois 11) at 11:20
3. Crunch , Jean-Gabriel Pageau 13 (Thomas Tynan 14, Jaycob Megna 9) at 13:31 (SH)
4. Crunch , Mike Vecchione 5 (Jean-Gabriel Pageau 15, Jaycob Megna 10) at 16:10
Niko Mikkola (MIL) for Interference (Minor) at 7:14
Paul Bittner (SYR) for Tripping (Minor) at 11:53
2nd period
5. Admirals , Kevin Stenlund 15 (Paul Thompson 11, CJ Suess 12) at 0:56
6. Admirals , CJ Suess 14 (Kristians Rubins 14, Nick Ebert 10) at 6:34
7. Admirals , Joseph Cramarossa 13 (Nick Ebert 11, Garrett Pilon 16) at 7:08
8. Admirals , John Quenneville 2 (Nick Ebert 12, Kristians Rubins 15) at 9:21
9. Admirals , CJ Suess 15 (Kevin Stenlund 16, Niko Mikkola 15) at 9:38
10. Admirals , William Bitten 8 (Kristians Rubins 16, Nick Ebert 13) at 11:26
No Penalty
3rd period
11. Crunch , Connor Corcoran 5 (Thomas Tynan 15, Axel Andersson 23) at 2:47
12. Admirals , CJ Suess 16 (Paul Thompson 12, Niko Mikkola 16) at 15:29
Joseph Cramarossa (MIL) for Interference (Minor) at 6:22
Garrett Pilon (MIL) for Roughing (Minor) at 11:21
Goalie Stats
Anthony Stolarz (SYR), 17 saves from 22 shots - (0,773), L, 13-10-1, 27:08 minutes
Tyler Parsons (SYR), 8 saves from 12 shots - (0,667), 32:52 minutes
Michael Houser (MIL), 31 saves from 34 shots - (0,912), W, 4-8-0, 60:00 minutes
3 StarsOfficial
1 - CJ Suess (MIL)
2 - Nick Ebert (MIL)
3 - William Bitten (MIL)
Referees : Chris Lee and Bill McCreary
Linesman : Dan Schachte and Michel Cormier
Game Note
Tyler Parsons enters game at 7:08 of 2nd period
Mikko Kokkonen is injured at 3:12 of 3rd period (Sprained Right Ankle)
CJ Suess has scored a Hat Trick!
Finance
Level 1 -- Attendance: 1804 (90,20%) -- Ticket Income 63 140 $
Level 2 -- Attendance: 934 (93,40%) -- Ticket Income 14 010 $
Total Attendance: 2738 (91,27%)
Total Ticket Income: 77 150 $
Other Income: 15 430 $
Total Income: 92 580 $



Team Name Goals Shots Shots Attemp Shots Blocked PIM HIT PP PK FO%
Crunch 33474112200 / 3 (0%)047%
Admirals 9346386160 / 1 (0%)053%

Crunch
Player Name POS G A P +/- PIM HIT SHT SB MP PP MP PP SHT PK MP PK SHT FO% FOT
Aaron LuchukC000000107:070:0000:00050% 6
Austin StrandD0001003223:543:0021:0500% 0
Axel AnderssonD011-3004121:522:5720:5400% 0
Blaine ByronC/LW000-2001020:033:2700:0000% 0
Connor CorcoranD101-3023020:332:5710:5400% 0
Garnet HathawayRW000003007:070:0000:0000% 1
Jaycob MegnaD0220041125:073:0001:0500% 0
Jean-Christophe BeaudinC/RW000-2022120:393:2700:36050% 2
Jean-Gabriel PageauC1120014125:332:3011:23160% 25
Kody ClarkRW000-4024014:390:0000:0000% 1
Mason ShawC/LW000-1012017:222:3000:00033% 3
Mike VecchioneC/RW101-1004017:392:3010:36067% 3
Mikko KokkonenD000-3041311:120:0000:0000% 0
Nicolas Aube-KubelRW000000000:000:0000:0000% 0
Patrick HarperC/LW000-4001013:480:0000:00033% 18
Paul BittnerLW000-4202113:470:0000:0000% 0
Thomas TynanC022-1000121:263:2701:23046% 26
Xavier BouchardD000-4011016:120:0000:0000% 0
Admirals
Player Name POS G A P +/- PIM HIT SHT SB MP PP MP PP SHT PK MP PK SHT FO% FOT
Cam DineenD0001000120:381:1202:4500% 0
CJ SuessLW3144006117:390:4700:580100% 2
David KampfC/RW011-2002121:131:1201:07067% 3
Garrett PilonC0223201111:380:0000:18067% 15
Garrett WilsonLW101-2041022:571:1202:51050% 2
Guillaume BriseboisD0111012220:381:1222:4500% 0
John QuennevilleC101100306:560:0001:01073% 11
Joseph CramarossaC/LW1123215011:200:0000:000100% 1
Kevin StenlundC1124024019:120:4702:31061% 23
Kristians RubinsD0334010014:090:0000:0000% 0
Mike ReillyD0001030025:130:4703:1200% 0
Mitchell MorozLW000100006:120:0000:1700% 0
Nick EbertD0444000015:020:0000:5300% 0
Niko MikkolaD0221233124:190:4712:1900% 0
Oskar SteenC000-2011122:571:1202:51026% 27
Paul ThompsonRW0224001016:410:4700:0000% 1
Vincent PraplanC/RW000100005:550:0000:0000% 0
William BittenRW2023005011:210:0000:0000% 0



Play-by-Play

1st period


0:01 of 1st period - Jean-Gabriel Pageau wins face-off versus Oskar Steen in neutral zone.
0:01 of 1st period - Mason Shaw is hit by Garrett Wilson.
0:03 of 1st period - Shot by Austin Strand.
0:03 of 1st period - Shot Misses the Net.
0:05 of 1st period - Shot by Mason Shaw.
0:05 of 1st period - Stopped by Michael Houser with a rebound.
0:23 of 1st period - Shot by Jean-Gabriel Pageau.
0:23 of 1st period - Shot Misses the Net.
0:32 of 1st period - Jean-Gabriel Pageau is hit by Niko Mikkola and loses puck.
0:39 of 1st period - Shot by Jean-Gabriel Pageau.
0:39 of 1st period - Stopped by Michael Houser without a rebound.
0:40 of 1st period - Kevin Stenlund wins face-off versus Thomas Tynan in Admirals zone.
0:50 of 1st period - Icing by Axel Andersson.
0:51 of 1st period - Garrett Pilon wins face-off versus Thomas Tynan in Crunch zone.
0:58 of 1st period - Shot by William Bitten.
0:58 of 1st period - Stopped by Anthony Stolarz without a rebound.
0:59 of 1st period - Kevin Stenlund wins face-off versus Patrick Harper in Crunch zone.
1:31 of 1st period - Paul Thompson is hit by Mikko Kokkonen and loses puck.
1:38 of 1st period - Shot by Paul Thompson.
1:38 of 1st period - Deflect By Kevin Stenlund.
1:38 of 1st period - Stopped by Anthony Stolarz without a rebound.
1:39 of 1st period - Garrett Pilon wins face-off versus Thomas Tynan in Crunch zone.
1:40 of 1st period - Shot by Joseph Cramarossa.
1:40 of 1st period - Stopped by Anthony Stolarz without a rebound.
1:41 of 1st period - Aaron Luchuk wins face-off versus Garrett Pilon in Crunch zone.
1:50 of 1st period - Shot by Garnet Hathaway.
1:50 of 1st period - Shot Misses the Net.
2:18 of 1st period - Shot by Joseph Cramarossa.
2:18 of 1st period - Stopped by Anthony Stolarz with a rebound.
2:25 of 1st period - Icing by Jaycob Megna.
2:26 of 1st period - Aaron Luchuk wins face-off versus Oskar Steen in Crunch zone.
2:51 of 1st period - Shot by David Kampf.
2:51 of 1st period - Shot Blocked by Jean-Christophe Beaudin.
2:53 of 1st period - Shot by Oskar Steen.
2:53 of 1st period - Shot Misses the Net.
2:55 of 1st period - Shot by Mike Reilly.
2:55 of 1st period - Shot Misses the Net.
2:57 of 1st period - Shot by Niko Mikkola.
2:57 of 1st period - Stopped by Anthony Stolarz without a rebound.
2:58 of 1st period - Patrick Harper wins face-off versus John Quenneville in Crunch zone.
3:23 of 1st period - Shot by Kody Clark.
3:23 of 1st period - Shot Misses the Net.
3:25 of 1st period - Shot by Xavier Bouchard.
3:25 of 1st period - Stopped by Michael Houser with a rebound.
3:27 of 1st period - Shot by Xavier Bouchard.
3:27 of 1st period - Shot Misses the Net.
3:29 of 1st period - Shot by Paul Bittner.
3:29 of 1st period - Stopped by Michael Houser without a rebound.
3:30 of 1st period - Jean-Gabriel Pageau wins face-off versus Kevin Stenlund in Admirals zone.
3:34 of 1st period - Icing by Mike Reilly.
3:35 of 1st period - Kevin Stenlund wins face-off versus Jean-Gabriel Pageau in Admirals zone.
5:06 of 1st period - Icing by Connor Corcoran.
5:07 of 1st period - Joseph Cramarossa wins face-off versus Jean-Christophe Beaudin in Crunch zone.
5:34 of 1st period - Shot by Joseph Cramarossa.
5:34 of 1st period - Shot Blocked by Mikko Kokkonen.
5:36 of 1st period - Shot by Joseph Cramarossa.
5:36 of 1st period - Shot Misses the Net.
5:38 of 1st period - Shot by William Bitten.
5:38 of 1st period - Shot Blocked by Mikko Kokkonen.
5:44 of 1st period - Shot by Garrett Pilon.
5:44 of 1st period - Stopped by Anthony Stolarz with a rebound.
5:46 of 1st period - Shot by Joseph Cramarossa.
5:46 of 1st period - Deflect By William Bitten.
5:46 of 1st period - Goal by William Bitten - Crunch : 0 - Admirals : 1.
5:47 of 1st period - Oskar Steen wins face-off versus Jean-Gabriel Pageau in neutral zone.
5:54 of 1st period - Icing by Mason Shaw.
5:55 of 1st period - Jean-Gabriel Pageau wins face-off versus Oskar Steen in Crunch zone.
5:55 of 1st period - Jean-Gabriel Pageau is hit by Oskar Steen.
6:11 of 1st period - Shot by Oskar Steen.
6:11 of 1st period - Stopped by Anthony Stolarz without a rebound.
6:12 of 1st period - John Quenneville wins face-off versus Patrick Harper in Crunch zone.
6:12 of 1st period - John Quenneville is hit by Mikko Kokkonen.
6:38 of 1st period - Shot by Paul Bittner.
6:38 of 1st period - Stopped by Michael Houser without a rebound.
6:39 of 1st period - Jean-Gabriel Pageau wins face-off versus Oskar Steen in Admirals zone.
7:14 of 1st period - Minor Penalty to Niko Mikkola for Interference.
7:15 of 1st period - Thomas Tynan wins face-off versus Oskar Steen in Admirals zone.
8:03 of 1st period - Garrett Wilson is hit by Jaycob Megna and loses puck.
8:23 of 1st period - Icing by Jean-Gabriel Pageau.
8:24 of 1st period - Jean-Gabriel Pageau wins face-off versus Kevin Stenlund in Crunch zone.
8:33 of 1st period - Shot by Mike Vecchione.
8:33 of 1st period - Stopped by Michael Houser without a rebound.
8:34 of 1st period - Thomas Tynan wins face-off versus Kevin Stenlund in Admirals zone.
10:13 of 1st period - Shot by Mike Vecchione.
10:13 of 1st period - Stopped by Michael Houser without a rebound.
10:14 of 1st period - Kevin Stenlund wins face-off versus Garnet Hathaway in Admirals zone.
10:40 of 1st period - Jean-Gabriel Pageau is hit by Kevin Stenlund and loses puck.
11:05 of 1st period - Garrett Wilson is hit by Garnet Hathaway and loses puck.
11:20 of 1st period - Shot by Garrett Wilson.
11:20 of 1st period - Goal by Garrett Wilson - Crunch : 0 - Admirals : 2.
11:21 of 1st period - Garrett Pilon wins face-off versus Thomas Tynan in neutral zone.
11:30 of 1st period - Thomas Tynan is hit by Mike Reilly and loses puck.
11:43 of 1st period - Shot by William Bitten.
11:43 of 1st period - Stopped by Anthony Stolarz without a rebound.
11:44 of 1st period - Patrick Harper wins face-off versus Oskar Steen in Crunch zone.
11:44 of 1st period - Xavier Bouchard is hit by Garrett Wilson.
11:53 of 1st period - Minor Penalty to Paul Bittner for Tripping.
11:54 of 1st period - Oskar Steen wins face-off versus Jean-Gabriel Pageau in Crunch zone.
12:13 of 1st period - Shot by Guillaume Brisebois.
12:13 of 1st period - Shot Blocked by Jaycob Megna.
12:17 of 1st period - Shot by Guillaume Brisebois.
12:17 of 1st period - Stopped by Anthony Stolarz without a rebound.
12:18 of 1st period - Kevin Stenlund wins face-off versus Jean-Gabriel Pageau in Crunch zone.
12:54 of 1st period - Shot by Niko Mikkola.
12:54 of 1st period - Stopped by Anthony Stolarz with a rebound.
13:31 of 1st period - Shot by Thomas Tynan.
13:31 of 1st period - Deflect By Jean-Gabriel Pageau.
13:31 of 1st period - Goal by Jean-Gabriel Pageau - Crunch : 1 - Admirals : 2.
13:32 of 1st period - Oskar Steen wins face-off versus Jean-Gabriel Pageau in neutral zone.
13:47 of 1st period - Shot by Guillaume Brisebois.
13:47 of 1st period - Stopped by Anthony Stolarz with a rebound.
13:49 of 1st period - Shot by Oskar Steen.
13:49 of 1st period - Shot Blocked by Austin Strand.
13:53 of 1st period - Shot by David Kampf.
13:53 of 1st period - Shot Misses the Net.
13:56 of 1st period - Icing by Patrick Harper.
13:57 of 1st period - Garrett Pilon wins face-off versus Patrick Harper in Crunch zone.
14:22 of 1st period - Shot by Patrick Harper.
14:22 of 1st period - Stopped by Michael Houser without a rebound.
14:23 of 1st period - Kevin Stenlund wins face-off versus Jean-Gabriel Pageau in Admirals zone.
14:30 of 1st period - Shot by Kevin Stenlund.
14:30 of 1st period - Shot Misses the Net.
14:59 of 1st period - Icing by Kevin Stenlund.
15:00 of 1st period - Thomas Tynan wins face-off versus Paul Thompson in Admirals zone.
15:09 of 1st period - Shot by Kevin Stenlund.
15:09 of 1st period - Deflect By Paul Thompson.
15:09 of 1st period - Stopped by Anthony Stolarz without a rebound.
15:10 of 1st period - Thomas Tynan wins face-off versus David Kampf in Crunch zone.
15:19 of 1st period - Shot by David Kampf.
15:19 of 1st period - Deflect By Oskar Steen.
15:19 of 1st period - Shot Blocked by Thomas Tynan.
15:21 of 1st period - Shot by David Kampf.
15:21 of 1st period - Stopped by Anthony Stolarz without a rebound.
15:22 of 1st period - John Quenneville wins face-off versus Patrick Harper in Crunch zone.
15:22 of 1st period - John Quenneville is hit by Mikko Kokkonen.
15:34 of 1st period - Shot by John Quenneville.
15:34 of 1st period - Stopped by Anthony Stolarz without a rebound.
15:35 of 1st period - Jean-Gabriel Pageau wins face-off versus Oskar Steen in Crunch zone.
16:10 of 1st period - Shot by Mike Vecchione.
16:10 of 1st period - Goal by Mike Vecchione - Crunch : 2 - Admirals : 2.
16:11 of 1st period - Thomas Tynan wins face-off versus Kevin Stenlund in neutral zone.
16:14 of 1st period - Shot by Axel Andersson.
16:14 of 1st period - Stopped by Michael Houser without a rebound.
16:15 of 1st period - Kevin Stenlund wins face-off versus Thomas Tynan in Admirals zone.
17:40 of 1st period - Icing by Garrett Wilson.
17:41 of 1st period - Oskar Steen wins face-off versus Patrick Harper in Admirals zone.
17:41 of 1st period - Oskar Steen is hit by Kody Clark.
17:53 of 1st period - Shot by David Kampf.
17:53 of 1st period - Shot Misses the Net.
18:02 of 1st period - Icing by Mikko Kokkonen.
18:03 of 1st period - Garrett Pilon wins face-off versus Patrick Harper in Crunch zone.
18:14 of 1st period - Shot by Garrett Pilon.
18:14 of 1st period - Shot Misses the Net.
18:30 of 1st period - Shot by Joseph Cramarossa.
18:30 of 1st period - Stopped by Anthony Stolarz without a rebound.
18:31 of 1st period - Kevin Stenlund wins face-off versus Jean-Gabriel Pageau in Crunch zone.
18:45 of 1st period - Off-side.
18:46 of 1st period - Thomas Tynan wins face-off versus Oskar Steen in neutral zone.
Goals for this period are 2 for Crunch vs 2 for Admirals.
Shots for this period are 11 for Crunch vs 17 for Admirals.

2nd period


0:01 of 2nd period - David Kampf wins face-off versus Mason Shaw in neutral zone.
0:26 of 2nd period - Icing by Mason Shaw.
0:27 of 2nd period - Jean-Gabriel Pageau wins face-off versus Kevin Stenlund in Crunch zone.
0:56 of 2nd period - Shot by Kevin Stenlund.
0:56 of 2nd period - Goal by Kevin Stenlund - Crunch : 2 - Admirals : 3.
0:57 of 2nd period - Oskar Steen wins face-off versus Thomas Tynan in neutral zone.
1:28 of 2nd period - Shot by David Kampf.
1:28 of 2nd period - Stopped by Anthony Stolarz without a rebound.
1:29 of 2nd period - Patrick Harper wins face-off versus Kevin Stenlund in Crunch zone.
1:29 of 2nd period - Kody Clark is hit by Kevin Stenlund and loses puck.
1:37 of 2nd period - Xavier Bouchard is hit by Kristians Rubins and loses puck.
1:40 of 2nd period - Shot by Mikko Kokkonen.
1:40 of 2nd period - Stopped by Michael Houser with a rebound.
1:42 of 2nd period - Shot by Paul Bittner.
1:42 of 2nd period - Shot Misses the Net.
1:44 of 2nd period - Shot by Kody Clark.
1:44 of 2nd period - Shot Misses the Net.
2:02 of 2nd period - Shot by Kody Clark.
2:02 of 2nd period - Shot Misses the Net.
2:04 of 2nd period - Shot by Xavier Bouchard.
2:04 of 2nd period - Shot Blocked by CJ Suess.
2:56 of 2nd period - Shot by David Kampf.
2:56 of 2nd period - Deflect By Garrett Wilson.
2:56 of 2nd period - Shot Hit the Post.
2:58 of 2nd period - Shot by Oskar Steen.
2:58 of 2nd period - Shot Blocked by Jean-Gabriel Pageau.
4:20 of 2nd period - Off-side.
4:21 of 2nd period - John Quenneville wins face-off versus Patrick Harper in neutral zone.
5:16 of 2nd period - Shot by Jean-Gabriel Pageau.
5:16 of 2nd period - Shot Blocked by Niko Mikkola.
5:19 of 2nd period - Icing by Niko Mikkola.
5:20 of 2nd period - John Quenneville wins face-off versus Aaron Luchuk in Admirals zone.
5:20 of 2nd period - John Quenneville is hit by Garnet Hathaway.
6:12 of 2nd period - Axel Andersson is hit by Garrett Wilson and loses puck.
6:25 of 2nd period - Nick Ebert is hit by Jean-Christophe Beaudin and loses puck.
6:34 of 2nd period - Shot by CJ Suess.
6:34 of 2nd period - Goal by CJ Suess - Crunch : 2 - Admirals : 4.
6:35 of 2nd period - Garrett Pilon wins face-off versus Patrick Harper in neutral zone.
7:04 of 2nd period - Shot by Joseph Cramarossa.
7:04 of 2nd period - Stopped by Anthony Stolarz with a rebound.
7:06 of 2nd period - Shot by Joseph Cramarossa.
7:06 of 2nd period - Shot Misses the Net.
7:08 of 2nd period - Shot by Joseph Cramarossa.
7:08 of 2nd period - Goal by Joseph Cramarossa - Crunch : 2 - Admirals : 5.
7:08 of 2nd period - Tyler Parsons enters game.
7:09 of 2nd period - CJ Suess wins face-off versus Jean-Gabriel Pageau in neutral zone.
7:38 of 2nd period - Shot by CJ Suess.
7:38 of 2nd period - Stopped by Tyler Parsons with a rebound.
7:40 of 2nd period - Shot by CJ Suess.
7:40 of 2nd period - Shot Misses the Net.
8:49 of 2nd period - Icing by Jaycob Megna.
8:50 of 2nd period - Garrett Pilon wins face-off versus Thomas Tynan in Crunch zone.
8:50 of 2nd period - William Bitten is hit by Jaycob Megna and loses puck.
9:07 of 2nd period - Shot by William Bitten.
9:07 of 2nd period - Stopped by Tyler Parsons without a rebound.
9:08 of 2nd period - John Quenneville wins face-off versus Jean-Gabriel Pageau in Crunch zone.
9:21 of 2nd period - Shot by John Quenneville.
9:21 of 2nd period - Goal by John Quenneville - Crunch : 2 - Admirals : 6.
9:22 of 2nd period - Kevin Stenlund wins face-off versus Patrick Harper in neutral zone.
9:22 of 2nd period - Kevin Stenlund is hit by Kody Clark.
9:34 of 2nd period - Shot by CJ Suess.
9:34 of 2nd period - Shot Misses the Net.
9:38 of 2nd period - Shot by CJ Suess.
9:38 of 2nd period - Goal by CJ Suess - Crunch : 2 - Admirals : 7.
9:39 of 2nd period - Jean-Gabriel Pageau wins face-off versus Oskar Steen in neutral zone.
9:58 of 2nd period - Jean-Gabriel Pageau is hit by Guillaume Brisebois and loses puck.
10:51 of 2nd period - Shot by Kody Clark.
10:51 of 2nd period - Stopped by Michael Houser without a rebound.
10:52 of 2nd period - Thomas Tynan wins face-off versus Garrett Pilon in Admirals zone.
10:55 of 2nd period - Shot by Connor Corcoran.
10:55 of 2nd period - Shot Misses the Net.
11:26 of 2nd period - Shot by William Bitten.
11:26 of 2nd period - Goal by William Bitten - Crunch : 2 - Admirals : 8.
11:27 of 2nd period - Kevin Stenlund wins face-off versus Patrick Harper in neutral zone.
11:59 of 2nd period - CJ Suess is hit by Jaycob Megna and loses puck.
12:28 of 2nd period - Mason Shaw is hit by Garrett Wilson and loses puck.
13:59 of 2nd period - Shot by Joseph Cramarossa.
13:59 of 2nd period - Shot Misses the Net.
14:44 of 2nd period - Shot by CJ Suess.
14:44 of 2nd period - Shot Misses the Net.
14:46 of 2nd period - Shot by Kevin Stenlund.
14:46 of 2nd period - Shot Blocked by Austin Strand.
14:48 of 2nd period - Shot by Paul Thompson.
14:48 of 2nd period - Shot Blocked by Paul Bittner.
14:50 of 2nd period - Shot by Mike Reilly.
14:50 of 2nd period - Shot Misses the Net.
14:52 of 2nd period - Shot by Niko Mikkola.
14:52 of 2nd period - Stopped by Tyler Parsons without a rebound.
14:53 of 2nd period - John Quenneville wins face-off versus Aaron Luchuk in Crunch zone.
16:00 of 2nd period - Shot by Kevin Stenlund.
16:00 of 2nd period - Stopped by Tyler Parsons without a rebound.
16:01 of 2nd period - Oskar Steen wins face-off versus Patrick Harper in Crunch zone.
17:17 of 2nd period - Shot by Mike Vecchione.
17:17 of 2nd period - Deflect By Jean-Gabriel Pageau.
17:17 of 2nd period - Shot Misses the Net.
17:19 of 2nd period - Shot by Jean-Gabriel Pageau.
17:19 of 2nd period - Shot Blocked by Guillaume Brisebois.
17:21 of 2nd period - Shot by Mike Vecchione.
17:21 of 2nd period - Shot Blocked by Guillaume Brisebois.
17:53 of 2nd period - Shot by Thomas Tynan.
17:53 of 2nd period - Deflect By Blaine Byron.
17:53 of 2nd period - Shot Misses the Net.
18:15 of 2nd period - CJ Suess is hit by Garnet Hathaway and loses puck.
18:28 of 2nd period - Shot by Garnet Hathaway.
18:28 of 2nd period - Deflect By Jean-Gabriel Pageau.
18:28 of 2nd period - Shot Misses the Net.
18:30 of 2nd period - Shot by Jean-Gabriel Pageau.
18:30 of 2nd period - Shot Misses the Net.
18:32 of 2nd period - Shot by Aaron Luchuk.
18:32 of 2nd period - Stopped by Michael Houser with a rebound.
18:38 of 2nd period - Shot by Jean-Gabriel Pageau.
18:38 of 2nd period - Stopped by Michael Houser with a rebound.
19:39 of 2nd period - Shot by Thomas Tynan.
19:39 of 2nd period - Shot Misses the Net.
19:45 of 2nd period - Shot by Thomas Tynan.
19:45 of 2nd period - Shot Misses the Net.
Goals for this period are 0 for Crunch vs 6 for Admirals.
Shots for this period are 4 for Crunch vs 12 for Admirals.

3rd period


0:01 of 3rd period - David Kampf wins face-off versus Mason Shaw in neutral zone.
0:01 of 3rd period - Mike Reilly is hit by Mason Shaw and loses puck.
0:12 of 3rd period - Shot by Mike Vecchione.
0:12 of 3rd period - Shot Blocked by Oskar Steen.
0:14 of 3rd period - Shot by Austin Strand.
0:14 of 3rd period - Stopped by Michael Houser without a rebound.
0:15 of 3rd period - Garrett Pilon wins face-off versus Thomas Tynan in Admirals zone.
0:44 of 3rd period - Shot by William Bitten.
0:44 of 3rd period - Deflect By Joseph Cramarossa.
0:44 of 3rd period - Shot Blocked by Axel Andersson.
1:09 of 3rd period - Off-side.
1:10 of 3rd period - Mike Vecchione wins face-off versus Oskar Steen in neutral zone.
1:13 of 3rd period - Shot by Mason Shaw.
1:13 of 3rd period - Shot Blocked by David Kampf.
1:16 of 3rd period - Icing by Oskar Steen.
1:17 of 3rd period - Mike Vecchione wins face-off versus Oskar Steen in Admirals zone.
1:26 of 3rd period - Shot by Jean-Gabriel Pageau.
1:26 of 3rd period - Deflect By Mason Shaw.
1:26 of 3rd period - Stopped by Michael Houser without a rebound.
1:27 of 3rd period - John Quenneville wins face-off versus Mike Vecchione in Admirals zone.
1:29 of 3rd period - Niko Mikkola is hit by Jean-Gabriel Pageau and loses puck.
2:16 of 3rd period - Off-side.
2:17 of 3rd period - Oskar Steen wins face-off versus Thomas Tynan in neutral zone.
2:45 of 3rd period - Shot by Thomas Tynan.
2:45 of 3rd period - Shot Misses the Net.
2:47 of 3rd period - Shot by Connor Corcoran.
2:47 of 3rd period - Goal by Connor Corcoran - Crunch : 3 - Admirals : 8.
2:48 of 3rd period - Patrick Harper wins face-off versus Garrett Pilon in neutral zone.
3:01 of 3rd period - Guillaume Brisebois is hit by Mikko Kokkonen and loses puck.
3:12 of 3rd period - Shot by Garrett Pilon.
3:12 of 3rd period - Shot Blocked by Mikko Kokkonen.
3:12 of 3rd period - Mikko Kokkonen from Crunch is injured at 3:12 of 3rd period (Sprained Right Ankle).
3:13 of 3rd period - Kevin Stenlund wins face-off versus Aaron Luchuk in Crunch zone.
3:41 of 3rd period - Aaron Luchuk is hit by Mike Reilly and loses puck.
5:19 of 3rd period - Icing by Oskar Steen.
5:20 of 3rd period - Jean-Gabriel Pageau wins face-off versus Oskar Steen in Admirals zone.
5:39 of 3rd period - Shot by Jean-Gabriel Pageau.
5:39 of 3rd period - Shot Misses the Net.
6:11 of 3rd period - Shot by Kody Clark.
6:11 of 3rd period - Stopped by Michael Houser with a rebound.
6:13 of 3rd period - Shot by Paul Bittner.
6:13 of 3rd period - Shot Misses the Net.
6:15 of 3rd period - Shot by Axel Andersson.
6:15 of 3rd period - Stopped by Michael Houser without a rebound.
6:16 of 3rd period - Garrett Pilon wins face-off versus Thomas Tynan in Admirals zone.
6:22 of 3rd period - Minor Penalty to Joseph Cramarossa for Interference.
6:23 of 3rd period - Kevin Stenlund wins face-off versus Thomas Tynan in Admirals zone.
6:45 of 3rd period - Shot by Austin Strand.
6:45 of 3rd period - Shot Misses the Net.
6:47 of 3rd period - Shot by Thomas Tynan.
6:47 of 3rd period - Shot Hit the Post.
7:14 of 3rd period - Shot by Jean-Gabriel Pageau.
7:14 of 3rd period - Shot Blocked by Garrett Pilon.
7:16 of 3rd period - Shot by Axel Andersson.
7:16 of 3rd period - Stopped by Michael Houser with a rebound.
7:18 of 3rd period - Shot by Mike Vecchione.
7:18 of 3rd period - Shot Misses the Net.
7:20 of 3rd period - Shot by Mason Shaw.
7:20 of 3rd period - Shot Misses the Net.
7:24 of 3rd period - Shot by Axel Andersson.
7:24 of 3rd period - Stopped by Michael Houser without a rebound.
7:25 of 3rd period - Jean-Gabriel Pageau wins face-off versus Kevin Stenlund in Admirals zone.
8:26 of 3rd period - Icing by Xavier Bouchard.
8:27 of 3rd period - Patrick Harper wins face-off versus Garrett Pilon in Crunch zone.
8:27 of 3rd period - Patrick Harper is hit by Joseph Cramarossa.
8:37 of 3rd period - Kody Clark is hit by Mike Reilly and loses puck.
9:00 of 3rd period - Shot by Kody Clark.
9:00 of 3rd period - Stopped by Michael Houser without a rebound.
9:01 of 3rd period - Thomas Tynan wins face-off versus John Quenneville in Admirals zone.
9:10 of 3rd period - Shot by Jean-Christophe Beaudin.
9:10 of 3rd period - Shot Misses the Net.
9:12 of 3rd period - Shot by Connor Corcoran.
9:12 of 3rd period - Stopped by Michael Houser without a rebound.
9:13 of 3rd period - Jean-Gabriel Pageau wins face-off versus Oskar Steen in Admirals zone.
9:14 of 3rd period - Shot by Mason Shaw.
9:14 of 3rd period - Shot Misses the Net.
9:16 of 3rd period - Shot by Jean-Gabriel Pageau.
9:16 of 3rd period - Shot Misses the Net.
9:18 of 3rd period - Shot by Jean-Gabriel Pageau.
9:18 of 3rd period - Shot Misses the Net.
9:20 of 3rd period - Shot by Jaycob Megna.
9:20 of 3rd period - Stopped by Michael Houser without a rebound.
9:21 of 3rd period - Jean-Gabriel Pageau wins face-off versus Oskar Steen in Admirals zone.
9:34 of 3rd period - Shot by Mike Vecchione.
9:34 of 3rd period - Stopped by Michael Houser without a rebound.
9:35 of 3rd period - Kevin Stenlund wins face-off versus Thomas Tynan in Admirals zone.
9:41 of 3rd period - Off-side.
9:42 of 3rd period - Jean-Gabriel Pageau wins face-off versus Oskar Steen in neutral zone.
9:44 of 3rd period - Mason Shaw is hit by Niko Mikkola and loses puck.
9:47 of 3rd period - Shot by Mike Vecchione.
9:47 of 3rd period - Shot Misses the Net.
10:31 of 3rd period - Icing by Niko Mikkola.
10:32 of 3rd period - Jean-Christophe Beaudin wins face-off versus Oskar Steen in Admirals zone.
10:37 of 3rd period - Shot by Blaine Byron.
10:37 of 3rd period - Stopped by Michael Houser without a rebound.
10:38 of 3rd period - CJ Suess wins face-off versus Thomas Tynan in Admirals zone.
10:38 of 3rd period - CJ Suess is hit by Jean-Christophe Beaudin.
10:56 of 3rd period - Shot by Paul Thompson.
10:56 of 3rd period - Shot Misses the Net.
10:58 of 3rd period - Shot by CJ Suess.
10:58 of 3rd period - Stopped by Tyler Parsons without a rebound.
10:59 of 3rd period - Garrett Pilon wins face-off versus Patrick Harper in Crunch zone.
11:14 of 3rd period - Shot by Joseph Cramarossa.
11:14 of 3rd period - Deflect By Garrett Pilon.
11:14 of 3rd period - Shot Misses the Net.
11:21 of 3rd period - Minor Penalty to Garrett Pilon for Roughing.
11:22 of 3rd period - Mason Shaw wins face-off versus Oskar Steen in Admirals zone.
11:33 of 3rd period - Shot by Austin Strand.
11:33 of 3rd period - Stopped by Michael Houser with a rebound.
11:35 of 3rd period - Shot by Jean-Gabriel Pageau.
11:35 of 3rd period - Stopped by Michael Houser without a rebound.
11:36 of 3rd period - Thomas Tynan wins face-off versus Oskar Steen in Admirals zone.
11:55 of 3rd period - Shot by Austin Strand.
11:55 of 3rd period - Stopped by Michael Houser without a rebound.
11:56 of 3rd period - Jean-Gabriel Pageau wins face-off versus Oskar Steen in Admirals zone.
12:20 of 3rd period - Shot by Mike Vecchione.
12:20 of 3rd period - Shot Blocked by Cam Dineen.
12:22 of 3rd period - Shot by Jean-Gabriel Pageau.
12:22 of 3rd period - Shot Misses the Net.
12:24 of 3rd period - Shot by Connor Corcoran.
12:24 of 3rd period - Stopped by Michael Houser without a rebound.
12:25 of 3rd period - Thomas Tynan wins face-off versus Kevin Stenlund in Admirals zone.
12:25 of 3rd period - Jean-Christophe Beaudin is hit by Niko Mikkola and loses puck.
13:34 of 3rd period - Shot by William Bitten.
13:34 of 3rd period - Shot Misses the Net.
13:42 of 3rd period - Shot by Kody Clark.
13:42 of 3rd period - Shot Misses the Net.
14:27 of 3rd period - Icing by Jaycob Megna.
14:28 of 3rd period - John Quenneville wins face-off versus Jean-Gabriel Pageau in Crunch zone.
14:39 of 3rd period - Shot by Mike Vecchione.
14:39 of 3rd period - Shot Misses the Net.
14:52 of 3rd period - Vincent Praplan is hit by Xavier Bouchard and loses puck.
15:01 of 3rd period - Shot by Jean-Christophe Beaudin.
15:01 of 3rd period - Stopped by Michael Houser without a rebound.
15:02 of 3rd period - Kevin Stenlund wins face-off versus Kody Clark in Admirals zone.
15:29 of 3rd period - Shot by CJ Suess.
15:29 of 3rd period - Goal by CJ Suess - Crunch : 3 - Admirals : 9.
15:30 of 3rd period - Thomas Tynan wins face-off versus Garrett Wilson in neutral zone.
15:44 of 3rd period - David Kampf is hit by Connor Corcoran and loses puck.
16:33 of 3rd period - Paul Thompson is hit by Connor Corcoran and loses puck.
16:46 of 3rd period - Shot by Kevin Stenlund.
16:46 of 3rd period - Stopped by Tyler Parsons with a rebound.
17:18 of 3rd period - Off-side.
17:19 of 3rd period - Patrick Harper wins face-off versus Garrett Pilon in neutral zone.
17:28 of 3rd period - Shot by Kody Clark.
17:28 of 3rd period - Stopped by Michael Houser with a rebound.
17:30 of 3rd period - Shot by Xavier Bouchard.
17:30 of 3rd period - Shot Misses the Net.
17:48 of 3rd period - Shot by Patrick Harper.
17:48 of 3rd period - Shot Misses the Net.
18:28 of 3rd period - Icing by Austin Strand.
18:29 of 3rd period - Jean-Gabriel Pageau wins face-off versus John Quenneville in Crunch zone.
18:58 of 3rd period - Shot by John Quenneville.
18:58 of 3rd period - Stopped by Tyler Parsons without a rebound.
18:59 of 3rd period - Garrett Wilson wins face-off versus Thomas Tynan in Crunch zone.
18:59 of 3rd period - Garrett Wilson is hit by Jaycob Megna.
19:01 of 3rd period - Shot by Oskar Steen.
19:01 of 3rd period - Deflect By Garrett Wilson.
19:01 of 3rd period - Shot Misses the Net.
19:15 of 3rd period - Shot by Jean-Christophe Beaudin.
19:15 of 3rd period - Stopped by Michael Houser without a rebound.
19:16 of 3rd period - Aaron Luchuk wins face-off versus Kevin Stenlund in Admirals zone.
19:45 of 3rd period - Shot by CJ Suess.
19:45 of 3rd period - Stopped by Tyler Parsons without a rebound.
19:46 of 3rd period - Thomas Tynan wins face-off versus Oskar Steen in Crunch zone.
Goals for this period are 1 for Crunch vs 1 for Admirals.
Shots for this period are 19 for Crunch vs 5 for Admirals.